[Event "*** Titled Tuesday Blitz"]
[Site "Chess.com"]
[Date "2018.04.03"]
[Round "5"]
[White "GMMatamoros"]
[Black "DrHolmes13"]
[Result "1/2-1/2"]
[WhiteElo "2478"]
[BlackElo "2476"]
[TimeControl "180+2"]
[EndTime "14:03:16 PDT"]
[Termination "Game drawn by agreement"]

1. Nf3 Nf6 2. c4 g6 3. g3 Bg7 4.
Bg2 O-O 5. O-O c6 6. b3 d5 7.
Bb2 a5 8. d3 a4 9. Na3 Bg4 10. Nc2 Nbd7 11. Ne3 Bxf3 12. Bxf3 e6 13. Qc2 Ne8 14. d4 Qb6 15. Rfd1 axb3 16. axb3 Rxa1 17. Bxa1 Nc7 18. Bc3 Na6 19. Ng2 Nb4 20. Qd2 Na6 21.
Qa2 Ra8 22. e4 Nc7 23. Qc2 Ra3 24. exd5 exd5 25. cxd5 Nxd5 26. Bxd5 cxd5 27. Ne3 Qc6 1/2-1/2

[Event "*** Titled Tuesday Blitz"]
[Site "Chess.com"]
[Date "2018.04.03"]
[Round "5"]
[White "nOcHeaTiNgKiD"]
[Black "Eliwood44"]
[Result "1-0"]
[WhiteElo "2369"]
[BlackElo "2225"]
[TimeControl "180+2"]
[EndTime "14:03:17 PDT"]
[Termination "nOcHeaTiNgKiD won by resignation"]

1. e4 e5 2. Nf3 Nc6 3. Bb5 Nf6 4.
d3 d6 5. O-O g6 6. c3 Bg7 7.
Re1 O-O 8. Nbd2 a6 9. Ba4 b5 10.
Bc2 Nb8 11. Nf1 Nbd7 12. Ng3 Bb7 13. a4 Re8 14. Bg5 h6 15. Bd2 Nf8 16. Bb3 Qd7 17.
h3 Ne6 18. Qc2 Nc5 19. axb5 Nxb3 20. Qxb3 Qxb5 21. Qc2 d5 22. exd5 Qxd5 23. Ne4 Nxe4 24. dxe4 Qe6 25. Ra5 Rad8 26. Be3 Qc4 27. Ra4 Qc6 28.
Nd2 Re6 29. Rc4 Qd7 30. Nb3 Qb5 31. Rb4 Qc6 32. Na5 Qd7 33. Nxb7 1-0

[Event "*** Titled Tuesday Blitz"]
[Site "Chess.com"]
[Date "2018.04.03"]
[Round "5"]
[White "Patzel09"]
[Black "severomorskij"]
[Result "1-0"]
[WhiteElo "2556"]
[BlackElo "2657"]
[TimeControl "180+2"]
[EndTime "14:03:23 PDT"]
[Termination "Patzel09 won by resignation"]

1. e4 c5 2. c3 d5 3. exd5 Qxd5 4. Nf3 Nc6 5. Na3 Bf5 6. Bc4 Qe4+ 7. Be2 Nf6 8. d3 Qd5 9. Nc4 Bg6 10. O-O O-O-O 11. Bf4 Nh5 12. Be3 e6 13. Qa4 Bd6 14. Ne1 Bc7 15.
Bf3 Qd7 16. b4 cxb4 17. cxb4 a6 18. Rc1 Kb8 19. b5 Ne7 20. Bxb7 Qxb5 21. Qxa6 Qxb7 22. Rb1 1-0

[Event "*** Titled Tuesday Blitz"]
[Site "Chess.com"]
[Date "2018.04.03"]
[Round "5"]
[White "EmeseBalogh"]
[Black "Entilza"]
[Result "0-1"]
[WhiteElo "1951"]
[BlackElo "2184"]
[TimeControl "180+2"]
[EndTime "14:03:23 PDT"]
[Termination "Entilza won by resignation"]

1. e4 c6 2. d4 d5 3. exd5 cxd5 4.
Nf3 Nf6 5. Bd3 Nc6 6. c3 Qc7 7. O-O Bg4 8. h3 Bh5 9. Bg5 e6 10. Nbd2 Be7 11. Qe2 O-O 12. Qe3 Rab8 13. Bf4 Bd6 14.
Ne5 b5 15. Ndf3 Bg6 16. Nxg6 hxg6 17. Ne5 b4 18. Rac1 b3 19. a3 Na5 20. c4 dxc4 21.
Bxc4 Nxc4 22. Rxc4 Qb7 23. Rfc1 Nd5 24. Qg3 Nxf4 25. Qxf4 f6 26. Qg4 fxe5 27. Qxe6+ Qf7 28. Qxd6 Qxf2+ 29. Kh1 exd4 30. Qd5+ Kh7 31. Qxd4 Qxd4 32. Rxd4 Rf2 33. Rc6 Rxb2 34. Rh4+ Kg8 35. Rxg6 Rb7 36. Rc4 Rc2 37. Ra4 b2 0-1

[Event "*** Titled Tuesday Blitz"]
[Site "Chess.com"]
[Date "2018.04.03"]
[Round "5"]
[White "Perecke"]
[Black "aa175"]
[Result "1-0"]
[WhiteElo "1904"]
[BlackElo "1939"]
[TimeControl "180+2"]
[EndTime "14:03:39 PDT"]
[Termination "Perecke won on time"]

1. e4 e5 2. Nf3 f5 3. Nxe5 Nc6 4. Nxc6 dxc6 5. exf5 Bxf5 6. Bc4 Nf6 7. O-O Be7 8.
Nc3 b5 9. Bb3 a5 10. a3 h5 11.
Re1 Kf8 12. d3 Bc5 13. Be3 Bd6 14. Qf3 Qd7 15. Ne4 Re8 16. Nxf6 gxf6 17. Bd4 Rxe1+ 18. Rxe1 Kg7 19. Be6 1-0

[Event "*** Titled Tuesday Blitz"]
[Site "Chess.com"]
[Date "2018.04.03"]
[Round "5"]
[White "dianosky"]
[Black "2L8IWUN"]
[Result "0-1"]
[WhiteElo "2282"]
[BlackElo "2113"]
[TimeControl "180+2"]
[EndTime "14:03:44 PDT"]
[Termination "2L8IWUN won by resignation"]

1. d4 Nf6 2. c4 g6 3. Nc3 d5 4. cxd5 Nxd5 5. e4 Nxc3 6. bxc3 Bg7 7. Bb5+ c6 8. Bd3 c5 9. Bb5+ Bd7 10. Bxd7+ Qxd7 11. Ne2 cxd4 12. cxd4 Nc6 13. Be3 O-O 14. O-O Rfd8 15. d5 Bxa1 16. Qxa1 Nb4 17. Bh6 f6 18. a3 Na6 19. Be3 Rac8 20. Bxa7 Rc2 21. Nd4 Rc4 22. Qb2 Ra8 23. Bb6 Rac8 24. f3 Qa4 25. h3 Nc7 26. Bxc7 R8xc7 27. Ne6 Rc2 28. Qb6 Rc8 29. Qxb7 Qxa3 30.
Rf2 Qe3 31. Kh2 Qxf2 0-1

[Event "*** Titled Tuesday Blitz"]
[Site "Chess.com"]
[Date "2018.04.03"]
[Round "5"]
[White "SantoBlue"]
[Black "Princec7"]
[Result "1-0"]
[WhiteElo "2617"]
[BlackElo "2417"]
[TimeControl "180+2"]
[EndTime "14:03:56 PDT"]
[Termination "SantoBlue won by checkmate"]

1. e4 c5 2. Nf3 e6 3. d4 cxd4 4. Nxd4 Nf6 5. Nc3 Nc6 6. Ndb5 Bb4 7. a3 Bxc3+ 8. Nxc3 d5 9. exd5 Nxd5 10. Bd3 Nxc3 11.
bxc3 O-O 12. O-O b6 13. Qh5 g6 14. Qe2 Bb7 15. Bh6 Re8 16. Rad1 Qf6 17. Be4 Rad8 18. Rxd8 Rxd8 19. Rd1 Qe5 20. Rxd8+ Nxd8 21. Qd2 Bd5 22. f3 Qc7 23. Bxd5 Qc5+ 24. Qd4 Qxd5 25. Qg7# 1-0

[Event "*** Titled Tuesday Blitz"]
[Site "Chess.com"]
[Date "2018.04.03"]
[Round "5"]
[White "SanQui14"]
[Black "Triumphmate"]
[Result "1-0"]
[WhiteElo "2217"]
[BlackElo "2158"]
[TimeControl "180+2"]
[EndTime "14:04:03 PDT"]
[Termination "SanQui14 won by resignation"]

1. e4 e5 2. Nf3 Nc6 3. Nc3 Nf6 4. d4 exd4 5. Nxd4 Bb4 6. Nxc6 bxc6 7. Bd3 Qe7 8. O-O O-O 9. Bg5 d6 10. h3 Rb8 11. Qf3 Bxc3 12. bxc3 h6 13. Bh4 g5 14.
Bg3 c5 15. Rfe1 Bb7 16. Qf5 Bc8 17. Qf3 Bb7 18. Rab1 Rfe8 19. Rxb7 Rxb7 20. e5 Rb2 21. Re2 Rb1+ 22. Kh2 Nd7 23. Qf5 f6 24. exd6 Qf7 25. Rxe8+ Qxe8 26. dxc7 Ne5 27. Bxe5 fxe5 28. Qh7+ Kf8 29.
Qh8+ Kf7 30. Qxe8+ Kxe8 31. c8=Q+ 1-0

[Event "*** Titled Tuesday Blitz"]
[Site "Chess.com"]
[Date "2018.04.03"]
[Round "5"]
[White "JozefKneht"]
[Black "Arash_Tahbaz"]
[Result "1-0"]
[WhiteElo "2434"]
[BlackElo "2599"]
[TimeControl "180+2"]
[EndTime "14:04:05 PDT"]
[Termination "JozefKneht won by resignation"]

1. e4 d5 2. exd5 Qxd5 3. Nc3 Qa5 4. d4 Nf6 5. Nf3 c6 6. Bc4 Bf5 7. Ne5 e6 8. g4 Bg6 9. h4 Nbd7 10. Nxd7 Nxd7 11. h5 Be4 12. O-O Bd5 13. Nxd5 cxd5 14. Bd3 g6 15. Bf4 Qb6 16. c3 Bd6 17. Qf3 Bxf4 18. Qxf4 Qxb2 19. Rab1 Qxc3 20. Bb5 Rd8 21. Rfc1 Qa3 22. Bxd7+ Kf8 23. Qf6 Rxd7 24. Rc8+ 1-0

[Event "*** Titled Tuesday Blitz"]
[Site "Chess.com"]
[Date "2018.04.03"]
[Round "5"]
[White "Koksik_13"]
[Black "bascheyaro"]
[Result "1-0"]
[WhiteElo "2482"]
[BlackElo "2598"]
[TimeControl "180+2"]
[EndTime "14:04:05 PDT"]
[Termination "Koksik_13 won by resignation"]

1. e4 e6 2. d4 d5 3. Nd2 c5 4. exd5 exd5 5. Ngf3 Nc6 6. Bb5 c4 7. O-O Bd6 8. b3 cxb3 9. axb3 Ne7 10. c4 O-O 11.
Re1 a6 12. Bxc6 Nxc6 13. Nf1 Bg4 14. Be3 Re8 15. Ng3 Bb4 16. Rf1 dxc4 17. bxc4 Bc3 18. Ra3 Bxf3 19. Qxf3 Bxd4 20. Rd1 Qe7 21. Bxd4 Nxd4 22.
Rxd4 Qb4 23. Ra1 a5 24. h3 a4 25. Nf5 Re1+ 26. Kh2 Rxa1 27. Rd7 Rf8 28. Qg4 g6 29. Ne7+ Kh8 30. Qd4+ f6 31. Nxg6+ Kg8 32. Qd5+ 1-0

[Event "*** Titled Tuesday Blitz"]
[Site "Chess.com"]
[Date "2018.04.03"]
[Round "5"]
[White "Sanan_Sjugirov"]
[Black "Batica1984"]
[Result "0-1"]
[WhiteElo "2836"]
[BlackElo "2638"]
[TimeControl "180+2"]
[EndTime "14:04:09 PDT"]
[Termination "Batica1984 won by resignation"]

1. e4 c5 2. Nf3 Nc6 3. Bb5 d6 4. O-O Bd7 5. Re1 Nf6 6. c3 a6 7. Bc4 Bg4 8. d4 Bxf3 9. gxf3 e6 10. f4 cxd4 11. cxd4 d5 12. exd5 Nxd5 13. f5 Bb4 14.
fxe6 Bxe1 15. exf7+ Kf8 16. Qxe1 b5 17. Bb3 Nxd4 18.
Qe4 Nf6 19. Qd3 Nxb3 20. Qxb3 Qd5 21. Qb4+ Kxf7 22. Nc3 Qc4 23. Qd6 b4 0-1

[Event "*** Titled Tuesday Blitz"]
[Site "Chess.com"]
[Date "2018.04.03"]
[Round "5"]
[White "Doraemon7"]
[Black "OparinGrigoriy"]
[Result "0-1"]
[WhiteElo "2435"]
[BlackElo "2824"]
[TimeControl "180+2"]
[EndTime "14:04:15 PDT"]
[Termination "OparinGrigoriy won by resignation"]

1. d4 Nf6 2. c4 e6 3. g3 c5 4.
d5 exd5 5. cxd5 d6 6. Nc3 g6 7.
Bg2 Bg7 8. Nf3 O-O 9. O-O Re8 10. Bf4 Bf5 11. Nh4 Bg4 12. h3 Nh5 13. Bd2 Bd7 14.
Re1 Na6 15. Nf3 Rc8 16. Bg5 Qb6 17. Qd2 c4 18. g4 Nf6 19. Qf4 Qd8 20. Qxd6 Nc5 21.
Ne5 h6 22. Bh4 g5 23. Nxd7 Ncxd7 24. Qg3 gxh4 25. Qxh4 Nc5 26. Rad1 Nfd7 27. Qh5 Qg5 28. Qxg5 hxg5 29. Nb5 Bxb2 30. Nd6 c3 31. Nxe8 Rxe8 32. Rb1 Ne5 33. d6 Rd8 34. Rec1 Rxd6 35. Rc2 Nc4 36. e3 Na4 37. Bxb7 Na3 38. Rcxb2 cxb2 0-1

[Event "*** Titled Tuesday Blitz"]
[Site "Chess.com"]
[Date "2018.04.03"]
[Round "5"]
[White "temiksmozg"]
[Black "Hikaru"]
[Result "1-0"]
[WhiteElo "2554"]
[BlackElo "2978"]
[TimeControl "180+2"]
[EndTime "14:04:23 PDT"]
[Termination "temiksmozg won by resignation"]

1. d4 f5 2. g3 Nf6 3. Bg2 g6 4. b3 Bg7 5. Bb2 d6 6. Nf3 O-O 7. O-O c6 8. c4 Qa5 9. Nbd2 Nbd7 10. Qc2 e5 11. dxe5 dxe5 12. e4 f4 13. a3 fxg3 14. hxg3 Qc5 15. b4 Qe7 16. c5 b5 17.
cxb6 axb6 18. Nc4 Ba6 19. Rfd1 Ng4 20. Rxd7 Qxd7 21. Nxb6 Qa7 22. Nxa8 Qxa8 23. Rd1 Qa7 24. Rd6 Bb5 25. Qd2 Bh6 26. Rd7 Qb6 27. Qc2 Ba4 28.
Qc4+ Kh8 29. Qc5 Qxc5 30. bxc5 Rb8 31. Nxe5 Rxb2 32. Nxg4 Bg5 33. e5 h5 34. Nf6 Bxf6 35. exf6 Kg8 36. Be4 Bc2 37. Bxc6 Bb3 38. Be4 Be6 39. Re7 Bg4 1-0

[Event "*** Titled Tuesday Blitz"]
[Site "Chess.com"]
[Date "2018.04.03"]
[Round "5"]
[White "Slovak_fighter2000"]
[Black "BKMZBKMZ"]
[Result "1/2-1/2"]
[WhiteElo "2366"]
[BlackElo "2582"]
[TimeControl "180+2"]
[EndTime "14:04:28 PDT"]
[Termination "Game drawn by agreement"]

1. d4 Nf6 2. Bf4 g6 3. Nc3 Bg7 4. e4 d6 5. Qd2 c6 6. Nf3 b5 7. a3 Nbd7 8. Be2 O-O 9. e5 Ne8 10.
exd6 Nxd6 11. Bh6 Bxh6 12. Qxh6 Nf5 13. Qd2 Nf6 14. O-O a5 15. Rfd1 Bb7 16. Qf4 Qd6 17. Qxd6 Nxd6 18. Ne5 Rfd8 19. Bf3 Nd5 20. Nxc6 Nxc3 21.
bxc3 Bxc6 22. Bxc6 Rac8 23. d5 e6 24. a4 bxa4 25. Rxa4 exd5 26. Bxd5 Nb5 27. Rd3 Nxc3 28. Rxa5 Ne2+ 29. Kf1 Nf4 30. Rd2 Nxd5 31. Raxd5 Rxd5 32. Rxd5 Rxc2 33. g3 Kg7 34. Kg2 1/2-1/2

[Event "*** Titled Tuesday Blitz"]
[Site "Chess.com"]
[Date "2018.04.03"]
[Round "5"]
[White "biostatistician"]
[Black "vsuri97"]
[Result "0-1"]
[WhiteElo "2447"]
[BlackElo "2631"]
[TimeControl "180+2"]
[EndTime "14:04:31 PDT"]
[Termination "vsuri97 won by resignation"]

1. d4 d5 2. Nf3 Nf6 3. c4 e6 4. Bg5 Be7 5. e3 O-O 6. Nc3 h6 7. Bh4 b6 8. Be2 Bb7 9. Bxf6 Bxf6 10. cxd5 exd5 11. b4 c5 12. bxc5 bxc5 13. Rb1 Bc6 14. O-O Nd7 15. Bb5 Qc7 16. Qa4 Nb6 17. Qa5 cxd4 18.
exd4 Bb7 19. Rfc1 Qf4 20. Ne2 Qd6 21. Bd3 Rfc8 22. Rc5 g6 23. Rbc1 Kg7 24. h3 Re8 25. Nc3 Re7 26. Nb5 Qf4 27. Nxa7 Nc4 28. Bxc4 dxc4 29. Qd2 Qxd2 30. Nxd2 Rxa7 31. Nxc4 Bxd4 32. Rb5 Rxa2 0-1

[Event "*** Titled Tuesday Blitz"]
[Site "Chess.com"]
[Date "2018.04.03"]
[Round "5"]
[White "Mikhail_Golubev"]
[Black "Chess_Lynx"]
[Result "1-0"]
[WhiteElo "2237"]
[BlackElo "2006"]
[TimeControl "180+2"]
[EndTime "14:04:33 PDT"]
[Termination "Mikhail_Golubev won by checkmate"]

1. e4 e6 2. d3 d5 3. Nd2 c5 4.
Ngf3 Nc6 5. g3 Nf6 6. Bg2 Be7 7. O-O O-O 8. Re1 b5 9. c3 Rb8 10. e5 Nd7 11. Nf1 b4 12. h4 bxc3 13. bxc3 Ba6 14.
N1h2 Qa5 15. Qc2 f6 16. exf6 Bxf6 17. Ng5 Bxc3 18. d4 Nf6 19. Ng4 g6 20. Rxe6 Nxd4 21. Bxd5 Nxc2 22. Re7+ Nxd5 23. Nh6+ Kh8 24. Rxh7# 1-0

[Event "*** Titled Tuesday Blitz"]
[Site "Chess.com"]
[Date "2018.04.03"]
[Round "5"]
[White "FontVella8"]
[Black "ilmago"]
[Result "1-0"]
[WhiteElo "1861"]
[BlackElo "1914"]
[TimeControl "180+2"]
[EndTime "14:04:40 PDT"]
[Termination "FontVella8 won by resignation"]

1. e4 c5 2. Nf3 d6 3. d4 cxd4 4. Nxd4 Nf6 5. f3 e5 6. Nb3 d5 7.
Bg5 Be6 8. exd5 Qxd5 9. Qxd5 Nxd5 10. Bb5+ Nd7 11. O-O f6 12. Bd2 a6 13. Bd3 b5 14.
Nc3 Nb4 15. Be4 Rd8 16. a3 f5 17. axb4 fxe4 18. Nxe4 Bxb3 19. cxb3 Nb8 20. Bc3 Bd6 21. Nxd6+ Rxd6 22. Bxe5 Rb6 23. Bxg7 Rg8 24. Rfe1+ Kf7 25. Bc3 Rbg6 26. g3 h5 27. Rad1 h4 28. g4 Re6 29.
Kf2 Rge8 30. Rxe6 Rxe6 31. Re1 Rd6 32. Be5 Rd2+ 33. Re2 Rd8 34. Bxb8 Rxb8 35. f4 Rd8 36. g5 Rd4 37. Kf3 Rxb4 38. Kg4 Rxb3 39. Kxh4 a5 40. f5 Rf3 41. Kg4 Rf1 42. h4 a4 43. f6 b4 44. Kh5 a3 45. bxa3 bxa3 46. Re7+ Kf8 47.
Ra7 Rf3 48. Kg6 Ke8 49. h5 1-0

[Event "*** Titled Tuesday Blitz"]
[Site "Chess.com"]
[Date "2018.04.03"]
[Round "5"]
[White "DiogenesSinopeus"]
[Black "GMSrinath"]
[Result "0-1"]
[WhiteElo "2425"]
[BlackElo "2724"]
[TimeControl "180+2"]
[EndTime "14:04:47 PDT"]
[Termination "GMSrinath won by resignation"]

1. d4 Nf6 2. c4 c5 3. d5 g6 4. Nc3 Bg7 5. g3 O-O 6. Bg2 e6 7. Nf3 exd5 8. cxd5 d6 9. O-O Re8 10. Bf4 h6 11. Qc1 g5 12. Be3 Bf5 13. h4 g4 14. Nd2 Rxe3 15. fxe3 Bh7 16. Nc4 Qe7 17.
a4 Nbd7 18. Nb5 Ne8 19. Ra3 Ne5 20. e4 a6 21. Nxe5 Qxe5 22. Nc3 Qxg3 23. Nd1 Bd4+ 24. e3 Be5 25. Rf4 Qe1+ 26. Kh2 Qxh4+ 27. Kg1 Qe1+ 28. Kh2 Nf6 29. Rb3 Nxe4 30. Rxb7 Bxf4+ 31. exf4 g3+ 32. Kh3 Bf5+ 33. Kh4 Qg1 0-1

[Event "*** Titled Tuesday Blitz"]
[Site "Chess.com"]
[Date "2018.04.03"]
[Round "5"]
[White "Bad4life"]
[Black "Jbd735"]
[Result "1-0"]
[WhiteElo "2395"]
[BlackElo "2223"]
[TimeControl "180+2"]
[EndTime "14:04:49 PDT"]
[Termination "Bad4life won by resignation"]

1. e4 e5 2. Nf3 Nc6 3. Bc4 Bc5 4. d3 Nf6 5. Nbd2 d6 6. c3 a6 7. Nf1 h6 8. Ng3 Na5 9. b4 Nxc4 10. bxc5 Na5 11. cxd6 cxd6 12. O-O O-O 13. Rb1 b5 14. h3 Re8 15. a4 Bd7 16. axb5 axb5 17. Ba3 Ra6 18. Bb4 d5 19. Qe2 Nc6 20. Bc5 Qa5 21. Nh4 Qxc3 22. Rfc1 Qa5 23. Nhf5 Kh7 24. Qf3 b4 25.
exd5 Nd4 26. Nxd4 exd4 27. Rxb4 Rc8 28. Rbc4 Kh8 29. Bxd4 Rd8 30. Qf4 Qxd5 31. Rc5 Qb7 32. Rc7 Qb5 33. Kh2 Qxd3 34. Ra1 Rxa1 35. Bxf6 Rh1+ 36. Nxh1 Kg8 37. Bxd8 Be6 1-0

[Event "*** Titled Tuesday Blitz"]
[Site "Chess.com"]
[Date "2018.04.03"]
[Round "5"]
[White "gkchesstiger"]
[Black "Fins0905"]
[Result "1-0"]
[WhiteElo "2757"]
[BlackElo "2589"]
[TimeControl "180+2"]
[EndTime "14:05:07 PDT"]
[Termination "gkchesstiger won by resignation"]

1. d4 d5 2. Nf3 Nf6 3. Bf4 c5 4.
e3 cxd4 5. exd4 Nc6 6. c3 Bf5 7.
Qb3 Qc8 8. Nbd2 e6 9. Nh4 Be4 10. Nxe4 Nxe4 11. Nf3 Bd6 12. Bxd6 Nxd6 13. Bd3 O-O 14.
a4 Qc7 15. Qc2 h6 16. O-O Rfc8 17. Qe2 a6 18. h4 Rab8 19. Rae1 b5 20. axb5 axb5 21.
Ne5 b4 22. f4 bxc3 23. bxc3 Nxe5 24. fxe5 Ne4 25. Bxe4 dxe4 26. Qxe4 Qxc3 27. Rf3 Qd2 28. Rf2 Qc3 29. Re3 Qc1+ 30. Rf1 Qc2 31. Qf4 Rf8 32. Rg3 Kh8 33. Qg4 Qh7 34. Rgf3 Kg8 35. d5 exd5 36. e6 f6 37. e7 Rf7 38. Re1 Re8 39. Qd7 1-0

[Event "*** Titled Tuesday Blitz"]
[Site "Chess.com"]
[Date "2018.04.03"]
[Round "5"]
[White "Federer999"]
[Black "Keaton87"]
[Result "1-0"]
[WhiteElo "2702"]
[BlackElo "2458"]
[TimeControl "180+2"]
[EndTime "14:05:08 PDT"]
[Termination "Federer999 won by resignation"]

1. Nf3 g6 2. c4 Bg7 3. d4 Nf6 4. Nc3 O-O 5. e4 d6 6. h3 e5 7. d5 Nh5 8. g3 Qe8 9. Be2 f5 10. exf5 gxf5 11. Nh4 Nf6 12. a3 a5 13. Qc2 e4 14. Be3 Na6 15. Ng2 Nc5 16. O-O-O a4 17.
Nf4 Nb3+ 18. Kb1 Qe5 19. Nxa4 Bd7 20. Nc3 Nc5 21. Bd4 Qe7 22. Rhg1 c6 23. g4 fxg4 24. hxg4 cxd5 25. g5 Ne8 26. Ncxd5 Qd8 27. Bxg7 Nxg7 28. Nf6+ Kh8 29. Ng6+ hxg6 30. Rh1+ Nh5 31. Bxh5 gxh5 32.
Qc3 Qa5 33. Rxh5+ Kg7 34. Ne8+ Kf7 35. Nxd6+ Ke7 36. Qg7+ Ke6 37. Rh6+ 1-0

[Event "*** Titled Tuesday Blitz"]
[Site "Chess.com"]
[Date "2018.04.03"]
[Round "5"]
[White "pedromartinez91"]
[Black "Hrant_ChessMood"]
[Result "0-1"]
[WhiteElo "2372"]
[BlackElo "2921"]
[TimeControl "180+2"]
[EndTime "14:05:18 PDT"]
[Termination "Hrant_ChessMood won by resignation"]

1. d4 Nf6 2. c4 g6 3. g3 Bg7 4. Bg2 O-O 5. Nc3 c5 6. Nf3 cxd4 7. Nxd4 Nc6 8. O-O d6 9. Nc2 Be6 10. b3 Qa5 11. Bd2 Rfc8 12. Ne3 Qh5 13. Rc1 Ng4 14. Nxg4 Bxg4 15. f3 Be6 16. e3 a6 17.
a4 Rab8 18. Qe2 Qc5 19. Kh1 Qb6 20. Rb1 Nb4 21. f4 Qd8 22. e4 Bd7 23. Nd5 Nxd5 24. exd5 b5 25. cxb5 axb5 26. a5 b4 27. Rfe1 Bc3 28.
a6 Bb5 29. Qe3 Bxa6 30. Rbc1 Qc7 31. Bxc3 bxc3 32. Qxe7 Qxe7 33. Rxe7 c2 34. Be4 Rxb3 35. Rxc2 Rb1+ 36. Kg2 Rxc2+ 37. Bxc2 Rb2 38. Rc7 Bd3 0-1

[Event "*** Titled Tuesday Blitz"]
[Site "Chess.com"]
[Date "2018.04.03"]
[Round "5"]
[White "julinha97"]
[Black "matiss90"]
[Result "0-1"]
[WhiteElo "2221"]
[BlackElo "2362"]
[TimeControl "180+2"]
[EndTime "14:05:24 PDT"]
[Termination "matiss90 won by checkmate"]

1. e4 c5 2. Nf3 d6 3. d4 cxd4 4. Nxd4 Nf6 5. Nc3 g6 6. Be3 Bg7 7. f3 O-O 8. Qd2 Nc6 9. O-O-O Nxd4 10. Bxd4 Be6 11. Kb1 a6 12. h4 h5 13. g4 hxg4 14. h5 Nxh5 15. fxg4 Bxg4 16. Be2 Bxe2 17. Nxe2 e5 18.
Be3 d5 19. exd5 Rc8 20. Rdg1 Nf4 21. Nxf4 exf4 22. Qh2 Re8 23. Qh7+ Kf8 24. Bxf4 Qf6 25. Bc1 Rxc2 26. Kxc2 Qf5+ 27. Kd1 Qf3+ 28. Kc2 Qe4+ 29. Kd1 Qe2# 0-1

[Event "*** Titled Tuesday Blitz"]
[Site "Chess.com"]
[Date "2018.04.03"]
[Round "5"]
[White "PowerThinking2650"]
[Black "XiaoKangZhong"]
[Result "1-0"]
[WhiteElo "2228"]
[BlackElo "2019"]
[TimeControl "180+2"]
[EndTime "14:05:30 PDT"]
[Termination "PowerThinking2650 won by resignation"]

1. e4 c5 2. Nf3 e6 3. d4 cxd4 4. Nxd4 Nc6 5. Nb5 d6 6. c4 a6 7.
N5a3 Be7 8. Nc3 Nf6 9. Be2 O-O 10. O-O Qc7 11. Be3 Rd8 12. Rc1 Bd7 13. Nd5 Qb8 14. Nxe7+ Nxe7 15. Bb6 Rc8 16. f3 Rc6 17. Bd4 Ne8 18.
Qd2 b5 19. cxb5 Rxc1 20. Rxc1 axb5 21. Nc2 Rxa2 22. Nb4 Ra8 23. h4 h6 24. Be3 Ra4 25. b3 Ra3 26. Qb2 Ra8 27. Bd4 e5 28. Be3 Be6 29.
g4 Qb7 30. g5 hxg5 31. hxg5 g6 32. Kf2 Nc7 33. Rh1 Kg7 34. Nd3 Na6 35. Nxe5 dxe5 36.
Qxe5+ Kf8 37. Rh8+ Ng8 38. Bxb5 Ke7 39. Bc5+ Nxc5 40.
Qxc5+ 1-0

[Event "*** Titled Tuesday Blitz"]
[Site "Chess.com"]
[Date "2018.04.03"]
[Round "5"]
[White "pultineviciuspaulius"]
[Black "FMJoseHerrera"]
[Result "0-1"]
[WhiteElo "2593"]
[BlackElo "2493"]
[TimeControl "180+2"]
[EndTime "14:05:32 PDT"]
[Termination "FMJoseHerrera won by resignation"]

1. e4 c5 2. Nf3 e6 3. d4 cxd4 4. Nxd4 a6 5. Nc3 Qc7 6. Qf3 d6 7. Be3 Nd7 8. O-O-O b5 9. a3 Bb7 10. Qg3 Ngf6 11. Bd3 Rb8 12. f4 Nc5 13. Bxb5+ axb5 14.
Ndxb5 Qb6 15. e5 Nfe4 16. Bxc5 dxc5 17. Nxe4 Bxe4 18. a4 Bc6 19. c4 Bxb5 20. cxb5 g6 21.
Qd3 Qc7 22. a5 c4 23. Qe4 Rxb5 24. a6 Bc5 25. Kb1 c3 26. Qa4 Qb6 27. a7 O-O 28.
a8=Q Rxb2+ 29. Ka1 c2 30. Qxf8+ Bxf8 31. Rc1 Rb4 32.
Qa2 Qd4+ 0-1

[Event "*** Titled Tuesday Blitz"]
[Site "Chess.com"]
[Date "2018.04.03"]
[Round "5"]
[White "SmoothAsAHedgehog"]
[Black "ShimanovAlex"]
[Result "0-1"]
[WhiteElo "2580"]
[BlackElo "2715"]
[TimeControl "180+2"]
[EndTime "14:05:34 PDT"]
[Termination "ShimanovAlex won by resignation"]

1. Nf3 Nf6 2. c4 c5 3. g3 g6 4. Bg2 Bg7 5. Nc3 d5 6. cxd5 Nxd5 7. O-O O-O 8. Nxd5 Qxd5 9. d3 Nc6 10. Be3 Bd7 11. Nd4 Qd6 12. Nxc6 Bxc6 13. Bxc6 Qxc6 14. Rc1 Qa6 15. Rxc5 b6 16. Rc7 Qxa2 17. b4 a5 18.
bxa5 bxa5 19. Rxe7 a4 20. d4 a3 21. Rc7 Rfd8 22. Rc1 Qd5 23. Qc2 a2 24. Ra1 Ra3 25. Qb2 Rda8 26. Rfc1 h5 27. h4 Qe4 28. Rc3 Rxc3 29.
Qxc3 Qb1+ 30. Bc1 Rb8 31. Kh2 Rb3 32. Qc8+ Kh7 33. Rxa2 Qxa2 34. Qe8 Rb1 35. Bf4 Qd5 36.
e4 Qxd4 37. Be3 Qf6 38. e5 Qf3 39. Qh8+ 0-1

[Event "*** Titled Tuesday Blitz"]
[Site "Chess.com"]
[Date "2018.04.03"]
[Round "5"]
[White "GasconJR"]
[Black "pulvettd"]
[Result "0-1"]
[WhiteElo "2331"]
[BlackElo "2439"]
[TimeControl "180+2"]
[EndTime "14:05:34 PDT"]
[Termination "pulvettd won by resignation"]

1. e4 c5 2. Nf3 d6 3. Bb5+ Nc6 4. Bxc6+ bxc6 5. e5 f6 6. exd6 e5 7. O-O Bxd6 8. d3 Ne7 9. Nbd2 O-O 10. Re1 Bg4 11. h3 Bh5 12. Ne4 Nd5 13. c4 Nc7 14. Ng3 Bf7 15.
b3 Qd7 16. Bb2 Rfd8 17. Qc2 Ne6 18. Rad1 a5 19. Nd2 Nd4 20. Bxd4 cxd4 21. Nde4 Bb4 22.
Re2 h6 23. Rf1 f5 24. Nd2 e4 25. Qb2 exd3 26. Re5 Bc3 27. Qc1 Bg6 28. f4 Re8 29. Rfe1 Rxe5 30. Rxe5 Re8 31. Nb1 Rxe5 32. fxe5 Bb4 33.
a3 Be7 34. Qd2 Qe6 35. Qxd3 f4 36. Ne4 Qxe5 37. Nbd2 Bxa3 38. c5 Bb4 39. Qc4+ Kh7 40. Nd6 0-1

[Event "*** Titled Tuesday Blitz"]
[Site "Chess.com"]
[Date "2018.04.03"]
[Round "5"]
[White "jefferyx"]
[Black "pKiLz5Rn9b"]
[Result "1-0"]
[WhiteElo "2749"]
[BlackElo "2636"]
[TimeControl "180+2"]
[EndTime "14:05:36 PDT"]
[Termination "jefferyx won on time"]

1. e4 e6 2. d4 d5 3. Nc3 dxe4 4. Nxe4 Nd7 5. Nf3 Ngf6 6. Nxf6+ Nxf6 7. Bd3 c5 8. dxc5 Bxc5 9. Qe2 O-O 10. Bg5 h6 11. h4 Qb6 12. O-O-O Ng4 13. Rdf1 e5 14. Nd2 f5 15.
Nc4 Qc7 16. f3 hxg5 17. fxg4 e4 18. hxg5 exd3 19. Qxd3 Qe7 20. Kb1 Qe4 21. Qh3 Qxg4 22. Qh7+ Kf7 23. Ne5+ Ke8 24. Nxg4 fxg4 25. Qg6+ Kd8 26.
Rxf8+ Bxf8 27. Qf7 1-0

[Event "*** Titled Tuesday Blitz"]
[Site "Chess.com"]
[Date "2018.04.03"]
[Round "5"]
[White "RandomOracle"]
[Black "patrisiii123"]
[Result "0-1"]
[WhiteElo "2152"]
[BlackElo "2252"]
[TimeControl "180+2"]
[EndTime "14:05:37 PDT"]
[Termination "patrisiii123 won on time"]

1. d4 Nf6 2. c4 g6 3. Nc3 Bg7 4. e4 d6 5. Nf3 O-O 6. h3 e5 7. d5 a5 8. Bg5 Na6 9. Be2 Qe8 10. g4 Nd7 11. Rg1 Kh8 12. Qd2 f6 13. Be3 Qe7 14.
O-O-O Ndc5 15. Kb1 Bd7 16. h4 f5 17. gxf5 gxf5 18.
Bg5 Bf6 19. Bh6 Rg8 20. a3 Nb3 21. Qc2 Nac5 22. exf5 e4 23. Ng5 Bxf5 24. Ne6 Nxe6 25. dxe6 Nd4 26. Rxg8+ Rxg8 27. Rxd4 Bxd4 28. Nd5 Qxe6 29.
Qd2 e3+ 0-1